 Dungeon Crawl Stone Soup version 0.28-a0-1374-ga75cb3825e (webtiles) character file.

Game seed: 14232879626114854783

53 strifetoe the Chopper (level 3, -1/31 HPs)
             Began as a Minotaur Cinder Acolyte on Jan 1, 2022.
             Was a High Priest of Ignis.
             Succumbed to an adder's poison
             ... on level 2 of the Dungeon.
             The game lasted 00:01:21 (1235 turns).

strifetoe the Chopper (Minotaur Cinder Acolyte)     Turns: 1235, Time: 00:01:22

Health: -1/31      AC:  2    Str: 20    XL:     3   Next: 62%
Magic:  3/3        EV: 11    Int: 11    God:    Ignis [*****.]
Gold:   30         SH:  0    Dex:  5    Spells: 4/4 levels left

rFire   + . .      SeeInvis .   a - -1 hand axe (flame)
rCold   . . .      Faith    .   (no shield)
rNeg    . . .      Spirit   .   b - +0 robe
rPois   .          Reflect  .   (helmet restricted)
rElec   .          Harm     .   (no cloak)
rCorr   .          Rampage  .   (no gloves)
Will    .....                   (no boots)
Stlth   ..........              (no amulet)
HPRegen 0.10/turn               (no ring)
MPRegen 0.08/turn               (no ring)

@: lethally poisoned (-1 -> -12), silenced
A: horns 2, retaliatory headbutt
a: Renounce Religion


You were on level 2 of the Dungeon.
You worshipped Ignis.
Ignis was extremely pleased with you.
You visited 1 branch of the dungeon, and saw 2 of its levels.

You collected 30 gold pieces.

Inventory:

Hand Weapons
 a - a -1 hand axe of flaming (weapon)
Armour
 b - a +0 robe (worn)
Jewellery
 d - a ring of willpower
Scrolls
 c - a scroll of vulnerability {unknown}
 e - a scroll of identify {unknown}


   Skills:
 - Level 3.6 Fighting
 + Level 5.6 Axes
 - Level 1.0 Spellcasting
 - Level 2.1 Fire Magic


You had 4 spell levels left.
You didn't know any spells.
Your spell library contained the following spells:

 Spells                   Type           Power      Damage    Failure   Level
 Scorch                   Fire           10%        2d6       21%         2


Dungeon Overview and Level Annotations

Branches:
Dungeon (2/15)

Altars:


Innate Abilities, Weirdness & Mutations

You have a pair of horns on your head.
You reflexively headbutt those who attack you in melee.


Message History

An adder is nearby!
The adder bites you.
You are poisoned.
The adder poisons you!
You hit the adder. You burn the adder.
The adder is severely wounded.
You feel sick. The adder bites you.
You are more poisoned.
The adder poisons you! The adder closely misses you.
You closely miss the adder. Your headbutt misses the adder.
The adder is severely wounded.
You feel sick. The adder bites you.
You are more poisoned.
The adder poisons you!
You closely miss the adder.
The adder is severely wounded.
You feel very sick. The adder bites you.
You are lethally poisoned!
The adder poisons you! The adder bites you.
* * * LOW HITPOINT WARNING * * *
You aren't carrying any potions.
You don't know any spells.
You don't know any spells.
You don't know any spells.
You don't know any spells.
You closely miss the adder.
The adder is severely wounded.
* * * LOW HITPOINT WARNING * * *
You feel very sick. The adder bites you.
* * * LOW HITPOINT WARNING * * *
As you read the scroll labelled FOYPNI ROUNOF, it crumbles to dust.
A profound silence engulfs you.
It was a scroll of silence.
* * * LOW HITPOINT WARNING * * *
You feel very sick. The adder barely misses you.
You slash the adder! You burn the adder.
You kill the adder!
You die...

#.# #.. ..# #.#
#### ### ###
##.#####
...#......#
#######
#.#..###.###.....#
#....###.........#
#.....##.........#
#...†.##.........#
#.#..@...#.#.....#
..##.......#######
### ###.##### #.#
#.# #.. ###


There were no monsters in sight!

Vanquished Creatures
  2 gnolls (D:1)
  An adder (D:2)
  6 ball pythons (D:1)
  5 bats (D:1)
  4 endoplasms (D:1)
  3 giant cockroaches (D:1)
  A hobgoblin (D:1)
  3 jackals (D:1)
  A quokka (D:1)
  2 frilled lizards (D:1)
  A goblin (D:1)
  A kobold (D:1)
  2 rats (D:1)
32 creatures vanquished.

Notes
Turn   | Place    | Note
-------+----------+-------------------------------------------
     0 | D:1      | strifetoe the Minotaur Cinder Acolyte began the quest for
                  | the Orb.
     0 | D:1      | Reached XP level 1. HP: 19/19 MP: 1/1
   205 | D:1      | Reached skill level 4 in Axes
   294 | D:1      | Reached XP level 2. HP: 26/26 MP: 2/2
   400 | D:1      | Reached skill level 5 in Axes
   562 | D:1      | Reached XP level 3. HP: 31/31 MP: 3/3
  1018 | D:1      | Found a faded altar of an unknown god.
  1234 | D:2      | HP: 1/31 [poisoned by an adder]
  1235 | D:2      | Succumbed to an adder's poison

Illustrated notes

Levels and vault maps discovered:
D:1:      elethiomel_arrival_infinity_welcomes_careful_drivers,
          layout_loops_ring, shapermc_ecumenical_altar_totnotflames
D:2:      layout_loops_cross

Skill      XL: |  1  2 |
---------------+-------+-----
Axes           | 4 5 |  5.6
Fighting       | |  3.6
Spellcasting   | |  1.0
Fire Magic     | |  2.1

Action                   || total
-------------------------++-------
Melee: Hand axe          ||    72
       Headbutt          ||     7
  Use: Scroll            ||     1
Armor: Robe              ||    20
Dodge: Dodged            ||    38

Table legend: (Time is in decaauts)
 A = Elapsed time spent in this place.
 B = Non-inter-level travel time spent in this place.
 C = Inter-level travel time spent in this place.
 D = Time resting spent in this place.
 E = Time spent auto-exploring this place.
 F = Levels seen in this place.
 G = Mean time per level.
                   A        B        C        D        E       F      G
               +--------+--------+--------+--------+--------+-----+--------+
         Total |   1238 |   1235 |      3 |      0 |   1087 |   2 |  619.0 |
       Dungeon |   1238 |   1235 |      3 |      0 |   1087 |   2 |  619.0 |
               +--------+--------+--------+--------+--------+-----+--------+

Top non-repeatable levels by time:
     D:1: 1190 daAuts
     D:2: 48 daAuts
